 Dungeon Crawl Stone Soup version 0.31.0-11-ge490571c62 (webtiles) character file.

Game seed: 7459365365996821576

145901 qw the Acrobat (level 16, -18/101 HPs)
             Began as a Deep Elf Hunter on Feb 5, 2024.
             Was a High Priest of Okawaru.
             Killed from afar by a merfolk aquamancer (34 damage)
             ... with a torrent of water
             ... on level 4 of the Shoals.
             The game lasted 00:28:16 (20525 turns).

qw the Acrobat (Deep Elf Hunter)                   Turns: 20525, Time: 00:28:18

Health: -18/101    AC: 26    Str: 12    XL:     16   Next: 88%
Magic:  12/16      EV: 39    Int: 15    God:    Okawaru [*****.]
Gold:   324        SH:  5    Dex: 40    Spells: 15/15 levels left

rFire   . . .        b - +9 longbow "Juckadyu" {freeze, rN++ Will+ Int-2 Stlth+}
rCold   . . .        (shield currently unavailable)
rNeg    + + .        v - +6 swamp dragon scales
rPois   +            g - +2 helmet
rElec   +            d - +0 cloak
rCorr   .            l - +1 pair of gloves of Bad Feelings {rElec}
SInv    .            x - +2 pair of boots of Responsibility {rPois MP-9 Dex+4 Stlth+}
Will    ++...        t - amulet "Mecaenn" {Reflect Dex+4 SH+5}
Stlth   +++          A - +6 ring of dexterity
HPRegen 0.36/turn    p - +6 ring of dexterity
MPRegen 0.15/turn

%: reflection
@: about to teleport, finesse-ful, very slow
A: no striking features
a: Renounce Religion, Heroism, Finesse, Duel


You were on level 4 of the Shoals.
You worshipped Okawaru.
Okawaru was extremely pleased with you.
You visited 4 branches of the dungeon, and saw 26 of its levels.
You visited 2 bazaars.

You collected 3107 gold pieces.
You spent 2783 gold pieces at shops.


   Skills:
 - Level 12.0 Fighting
 - Level 20.0 Ranged Weapons
 - Level 9.0 Armour
 + Level 22.2 Dodging
 - Level 1.2 Stealth
 - Level 10.0 Invocations


You had 15 spell levels left.
You didn't know any spells.
Your spell library was empty.

Inventory:

Hand Weapons
 b - the +9 longbow "Juckadyu" (weapon) {freeze, rN++ Will+ Int-2 Stlth+}
   (You acquired it on level 2 of the Dungeon)

   Int-2:     It affects your intelligence (-2).
   rN++:      It greatly protects you from negative energy.
   Will+:     It increases your willpower.
   Stlth+:    It makes you more stealthy.
 y - the +1 longbow of the Ghost {speed, +Blink Str+5}
   (Okawaru gifted it to you on level 5 of the Lair of Beasts)

   Str+5:     It affects your strength (+5).
   +Blink:    It lets you blink.
Armour
 d - a +0 cloak (worn)
 g - a +2 helmet (worn)
 l - the +1 pair of gloves of Bad Feelings (worn) {rElec}
   (You acquired it on level 13 of the Dungeon)

   rElec:     It insulates you from electricity.
 n - a +2 pair of gloves
 v - +6 swamp dragon scales (worn)
 x - the +2 pair of boots of Responsibility (worn) {rPois MP-9 Dex+4 Stlth+}
   (Okawaru gifted it to you on level 5 of the Lair of Beasts)

   Dex+4:     It affects your dexterity (+4).
   rPois:     It protects you from poison MP-9: It affects your magic capacity
   (-9).
   Stlth+:    It makes you more stealthy.
 B - +0 fire dragon scales
Jewellery
 p - a +6 ring of dexterity (right hand)
 t - the amulet "Mecaenn" (around neck) {Reflect Dex+4 SH+5}
   (You bought it in a shop on level 14 of the Dungeon)

   [amulet of reflection]

   Reflect:   It reflects blocked missile attacks.
   Dex+4:     It affects your dexterity (+4).
   SH+5:      It affects your SH (+5).
 A - a +6 ring of dexterity (left hand)
Wands
 h - a wand of digging (15)
 o - a wand of acid (10)
 u - a wand of roots (13)
 z - a wand of mindburst (3)
 D - a wand of polymorph (4)
Scrolls
 k - 7 scrolls of enchant weapon
 m - 9 scrolls of identify
 q - 11 scrolls of teleportation
 r - a scroll of brand weapon
Potions
 a - 2 potions of resistance
 c - 11 potions of heal wounds
 e - 6 potions of mutation
 f - 5 potions of magic
 i - 3 potions of enlightenment
 j - 12 potions of curing
 s - 2 potions of might
 w - a potion of haste
 C - a potion of cancellation

Dungeon Overview and Level Annotations

Branches:
Dungeon (15/15)            Temple (0/1) D:4            Lair (5/5) D:9
 Shoals (4/4) Lair:3        Snake (0/4) Lair:3        Slime (0/5) Lair:4
    Orc (2/2) D:12            Elf (0/3) Orc:2        Vaults (0/5) D:14
 Depths (0/4) D:15

Altars:
Cheibriados
Dithmenos
Elyvilon
Fedhas
Hepliaklqana
Nemelex Xobeh
Okawaru
Qazlal
Trog
Uskayaw
Wu Jian
The Shining One
Jiyva

Shops:
D:5 [   D:8 *   D:14 =   D:15 !*   Orc:2 [(!?

Annotations:
D:5 3 runed translucent doors, qw's ghost, novice SpHu
D:8 3 runed translucent doors, qw's ghost, novice DEHu
Lair:2 3 runed translucent doors, qw's ghost, journeyman SpHu
Lair:4 1 runed translucent door, qw's ghost, journeyman SpHu
Shoals:3 exclusion: 4 tentacles


Message History

The merfolk javelineer throws a silver javelin.
The silver javelin barely misses you.
You shoot an arrow. The arrow barely misses the merfolk.
A sea snake comes into view.
You shoot an arrow. The sea snake hisses angrily.
The arrow hits the merfolk!!
The arrow freezes the merfolk.
The merfolk is heavily wounded.
You block the merfolk's attack.
You shoot an arrow.
The arrow hits the merfolk but does no damage.
The merfolk is heavily wounded.
The merfolk javelineer throws a silver javelin.
The silver javelin barely misses you.
You shoot an arrow. The arrow barely misses the merfolk.
The merfolk throws a boomerang.
The boomerang barely misses you.
The merfolk hits you from afar with a +0 trident.
You shoot an arrow. The arrow hits the merfolk!
The arrow freezes the merfolk.
The merfolk is almost dead.
The merfolk javelineer throws a silver javelin.
The silver javelin pierces through you!
You shoot an arrow. The arrow hits the merfolk!!
The arrow freezes the merfolk.
You kill the merfolk!
Okawaru accepts your kill.
You hear a splash. x2
The merfolk throws a boomerang.
The boomerang hits you.
You shoot an arrow. The arrow hits the merfolk javelineer!!
The arrow freezes the merfolk javelineer!
The merfolk javelineer is heavily wounded.
The merfolk throws a boomerang.
The boomerang hits you!
20525 ||| READING 12 scrolls of teleportation.
As you read the scroll of teleportation, it crumbles to dust.
You feel strangely unstable. The sea snake completely misses you.
The merfolk javelineer throws a silver javelin.
The silver javelin misses you.
The merfolk throws a boomerang.
The boomerang closely misses you.
The merfolk aquamancer gestures at you while chanting.
The torrent of water hits you!!
You die...

P..P............~~~~
........~...~~)~~~~~
..~...E~@~..~~~~~~~~
..~~~~~~~~.~~~~~~~~~
~.~#~#~#~~ยค~~~~~~~~~
~ # #####)~~~~~~~~~
###~~)~~~~~
##S~m~~~~~ #~@~m~~~~~
##~~m~~~~~ .~~
#~m.~~~~~~ ....~~ .
##...~~~~~ .~~~~~#.
##~~~.~#~##
~~~~~~~### #.~~~.~###
~~~~~~~#~#####.~~~~##
~~~~~~~~~~........##
~~~~~~~~~~........~#


You could see a merfolk javelineer, a sea snake, a merfolk aquamancer and 2
merfolk.

Vanquished Creatures
  Nikola (Shoals:4)
  Mlioglotl (Shoals:1)
  Jorgrun (D:14)
  Polyphemus (Shoals:3)
  Frances (D:14)
  Kirke (D:15)
  A kraken (Shoals:3)
  Aizul (Shoals:2)
  Ilsuiw (Shoals:2)
  3 merfolk javelineers
  3 fire dragons (D:15)
  2 merfolk impalers
  An ettin (Orc:1)
  A vault guard (D:14)
  5 hydras
  2 catoblepae
  3 boulder beetles
  9 centaur warriors
  Erica (D:9)
  An ogre mage (D:15)
  2 merfolk avatars
  7 two-headed ogres
  An alligator snapping turtle (Shoals:2)
  2 death yaks (Shoals:3)
  5 merfolk aquamancers
  2 satyrs
  3 tengu warriors (D:14)
  4 orc high priests
  4 skeletal warriors (D:14)
  Amaemon (Lair:2)
  8 skysharks
  7 sea snakes
  A glowing orange brain (D:14)
  18 harpies
  8 orc knights
  5 ugly things (D:14)
  2 oklob plants (Lair:1)
  12 manticores
  3 deep elf pyromancers
  4 orc sorcerers
  21 fauns
  6 cyclopes
  9 black mambas
  6 merfolk sirens
  3 kobold blastminers
  3 meliai (D:15)
  A water nymph (Shoals:4)
  An eye of devastation (Lair:4)
  An orange demon (Lair:2)
  A rime drake (shapeshifter) (D:15)
  A gargoyle (D:12)
  10 cane toads
  An unseen horror (D:12)
  4 kobold demonologists
  14 komodo dragons
  Maggie (D:9)
  5 rime drakes
  2 freezing wraiths (D:15)
  A tengu conjurer (D:15)
  7 trolls
  6 polar bears
  A hornet (shapeshifter) (D:13)
  25 merfolk
  3 wind drakes
  6 snapping turtles
  A glass eye (Lair:3)
  A glass eye (shapeshifter) (D:14)
  4 hornets
  13 blink frogs
  12 dream sheep
  13 spriggans (Lair:5)
  4 slime creatures (D:12)
  6 wyverns
  A vampire (D:13)
  5 wraiths
  A shadow (D:10)
  6 water elementals
  7 hogs (D:15)
  35 yaks
  5 basilisks
  6 wargs
  A steam dragon (D:6)
  5 vampire mosquitoes
  2 nagas (Lair:3)
  An acid dragon (D:13)
  8 water moccasins
  An ice beast (D:6)
  7 black bears
  Pargi (D:3)
  16 orc warriors
  2 sky beasts
  5 boggarts (Lair:5)
  4 centaurs
  11 ogres
  38 wolves
  A phantom (D:6)
  11 bullfrogs
  2 kobold brigands
  A gnoll sergeant (D:9)
  A scorpion (D:4)
  11 wights
  3 killer bees (D:9)
  2 howler monkeys
  8 electric eels
  2 bombardier beetles
  3 lava snakes (D:7)
  11 hounds
  A jelly (D:7)
  20 orc priests
  2 gnoll boudas
  13 orc wizards
  3 iguanas
  6 hell rats (Lair:2)
  12 gnolls
  4 adders
  2 shadow imps
  A white imp (D:6)
  2 ribbon worms
  62 orcs
  7 ball pythons
  7 endoplasms
  A giant cockroach (D:1)
  11 goblins
  8 hobgoblins
  23 kobolds
  2 quokkas
  3 bats
  A frilled lizard (D:3)
  6 rats
753 creatures vanquished.

Vanquished Creatures (others)
  2 orc wizards (Orc:2)
  16 tentacles (Shoals:3)
18 creatures vanquished.

Grand Total: 771 creatures vanquished

Notes
Turn   | Place    | Note
-------+----------+-------------------------------------------
     0 | D:1      | qw the Deep Elf Hunter began the quest for the Orb.
     0 | D:1      | Reached XP level 1. HP: 12/12 MP: 3/3
     0 | D:1      | 0 ||| qw: Version: 0.3-a-160-g6735b56
     0 | D:1      | 0 ||| qw: Game counter: 6379
     0 | D:1      | 0 ||| qw: Melee chars always use a shield: true
     0 | D:1      | 0 ||| qw: God list: Okawaru
     0 | D:1      | 0 ||| qw: Allow faded altars: false
     0 | D:1      | 0 ||| qw: Do Orc after clearing Dungeon:15 true
     0 | D:1      | 0 ||| qw: Do second Lair branch before Depths: true
     0 | D:1      | 0 ||| qw: Lair rune preference: random
     0 | D:1      | 0 ||| qw: Goals: Normal
     0 | D:1      | 0 ||| PLANNING D:1-11
    92 | D:1      | Reached XP level 2. HP: 16/16 MP: 4/4
   174 | D:1      | Reached skill level 6 in Ranged Weapons
   664 | D:1      | 664 ||| UPGRADING to +0 helmet.
   669 | D:1      | 669 ||| UPGRADING to +0 ring mail.
   679 | D:1      | 679 ||| DROPPING +0 leather armour.
   680 | D:1      | 680 ||| UPGRADING to amulet of guardian spirit.
   685 | D:1      | 685 ||| READING 2 scrolls labelled POBEUXZORU.
   685 | D:1      | 685 ||| IDENTIFYING silvery potion
   686 | D:1      | 686 ||| READING scroll of identify.
   686 | D:1      | 686 ||| IDENTIFYING 2 murky golden potions
   687 | D:1      | 687 ||| READING scroll labelled HADOSU NEEPS.
   688 | D:1      | 688 ||| READING scroll labelled RASYGU XAXECK.
   691 | D:1      | 691 ||| DROPPING scroll of butterflies.
   825 | D:2      | Reached XP level 3. HP: 17/20 MP: 2/5
   896 | D:2      | 896 ||| READING scroll labelled CIAZIF FUIPTAT.
   898 | D:2      | 898 ||| Stepping ~*~*~tactically~*~*~ (cloud).
   899 | D:2      | 899 ||| DRINKING potion of curing.
   899 | D:2      | 899 ||| (to cure poison)
   987 | D:2      | Found a white marble altar of Elyvilon.
  1338 | D:2      | 1338 ||| READING scroll of identify.
  1338 | D:2      | 1338 ||| IDENTIFYING white potion
  1339 | D:2      | 1339 ||| READING scroll labelled SUCAME FIDARU.
  1339 | D:2      | Identified a scroll of acquirement
  1339 | D:2      | 1339 ||| ACQUIRING +9 longbow "Juckadyu" {freeze, rN++
                  | Will+ Int-2 Stlth+}
  1339 | D:2      | Acquired the +9 longbow "Juckadyu" {freeze, rN++ Will+
                  | Int-2 Stlth+}
  1341 | D:2      | 1341 ||| SWAPPING to +9 longbow "Juckadyu" {freeze, rN++
                  | Will+ Int-2 Stlth+}.
  1342 | D:2      | 1342 ||| DROPPING +0 shortbow.
  1431 | D:3      | Reached XP level 4. HP: 25/25 MP: 6/6
  1627 | D:3      | Found a faded altar of an unknown god.
  1951 | D:3      | Reached XP level 5. HP: 29/29 MP: 7/7
  1952 | D:3      | Found an iron altar of Okawaru.
  1953 | D:3      | 1953 ||| PLANNING OKAWARU WORSHIP
  1955 | D:3      | 1955 ||| UPGRADING to ring of protection from fire.
  1956 | D:3      | 1956 ||| READING 3 scrolls of identify.
  1956 | D:3      | 1956 ||| IDENTIFYING golden potion
  1957 | D:3      | 1957 ||| READING 2 scrolls of identify.
  1957 | D:3      | 1957 ||| IDENTIFYING coppery potion
  1958 | D:3      | 1958 ||| READING scroll of identify.
  1958 | D:3      | 1958 ||| IDENTIFYING scroll labelled LESKUSTRIAL
  1959 | D:3      | 1959 ||| READING scroll labelled QUWNOSO UKKUH.
  1959 | D:3      | 1959 ||| ENCHANTING +0 helmet.
  1960 | D:3      | 1960 ||| READING scroll labelled FERUTA JAMELA.
  2061 | D:3      | 2061 ||| DROPPING scroll of immolation.
  2062 | D:3      | 2062 ||| DROPPING potion of ambrosia.
  2070 | D:3      | Became a worshipper of Warmaster Okawaru
  2071 | D:3      | 2071 ||| PLANNING D:1-11
  2071 | D:3      | 2071 ||| REMOVING amulet of guardian spirit.
  2165 | D:3      | Noticed Pargi
  2166 | D:3      | 2166 ||| DRINKING potion of haste.
  2173 | D:3      | Killed Pargi
  2174 | D:3      | Reached skill level 9 in Ranged Weapons
  2387 | D:3      | 2387 ||| UPGRADING to +0 troll leather armour {Pargi}.
  2397 | D:3      | 2397 ||| DROPPING +0 ring mail.
  2443 | D:4      | Reached skill level 3 in Dodging
  2443 | D:4      | Reached XP level 6. HP: 35/35 MP: 8/8
  2462 | D:4      | Identified the +7 mace of Viny Cruel Justice {pain, rF+
                  | rN+++ Dex+3 Stlth-}
  2477 | D:4      | Reached * piety under Okawaru
  2516 | D:4      | Reached skill level 1 in Invocations
  2567 | D:4      | Reached XP level 7. HP: 39/40 MP: 10/10
  2742 | D:4      | Reached skill level 4 in Dodging
  2747 | D:4      | Reached skill level 3 in Invocations
  2943 | D:4      | Found a staircase to the Ecumenical Temple.
  2977 | D:4      | 2977 ||| UPGRADING to +1 pair of gloves.
  2982 | D:4      | 2982 ||| UPGRADING to ring of willpower.
  2983 | D:4      | 2983 ||| READING 2 scrolls of identify.
  2983 | D:4      | 2983 ||| IDENTIFYING smoky red potion
  2984 | D:4      | 2984 ||| READING scroll of identify.
  2984 | D:4      | 2984 ||| IDENTIFYING scroll labelled ZIHETEN VASE
  2985 | D:4      | 2985 ||| READING 3 scrolls labelled DAPSI SEWAXKE.
  2986 | D:4      | 2986 ||| READING scroll labelled FUCLEA QIOV.
  2987 | D:4      | 2987 ||| DROPPING 2 scrolls of fog.
  2988 | D:4      | 2988 ||| DROPPING scroll of blinking.
  3007 | D:5      | Entered Level 5 of the Dungeon
  3009 | D:5      | 3009 ||| INVOKING Heroism.
  3010 | D:5      | 3010 ||| STAIRDANCE
  3172 | D:5      | Reached XP level 8. HP: 44/44 MP: 13/13
  3212 | D:5      | 3212 ||| READING scroll of enchant armour.
  3212 | D:5      | 3212 ||| ENCHANTING +1 pair of gloves.
  3265 | D:5      | Reached ** piety under Okawaru
  3484 | D:5      | Reached skill level 12 in Ranged Weapons
  3526 | D:5      | Identified the +9 dagger "Pynogh" {speed, ^Drain Fly Str+4
                  | Int+2}
  3527 | D:5      | Found a runed translucent gate.
  3527 | D:5      | Noticed qw's ghost (novice SpHu)
  3529 | D:5      | Found a runed translucent gate.
  3530 | D:5      | Found a runed translucent gate.
  3577 | D:5      | Found Letuit's Armour Emporium.
  3733 | D:5      | 3733 ||| READING scroll of identify.
  3733 | D:5      | 3733 ||| IDENTIFYING fuming brown potion
  3734 | D:5      | 3734 ||| READING scroll labelled WOIS APOYH.
  3895 | D:6      | Found a white marble altar of Elyvilon.
  3896 | D:6      | Found a sparkling altar of Nemelex Xobeh.
  3898 | D:6      | Found a snail-covered altar of Cheibriados.
  3899 | D:6      | Found a bloodstained altar of Trog.
  3899 | D:6      | Found a blossoming altar of Fedhas.
  3899 | D:6      | Found a hide-covered altar of Uskayaw.
  3914 | D:6      | Found an ornate altar of the Wu Jian Council.
  3951 | D:6      | Reached skill level 3 in Fighting
  3953 | D:6      | Reached skill level 1 in Armour
  4033 | D:6      | Reached skill level 5 in Dodging
  4058 | D:6      | Found a shadowy altar of Dithmenos.
  4256 | D:6      | Identified the amulet of Cilass {Acrobat ^Drain Str+8
                  | Dex+4}
  4313 | D:6      | 4313 ||| DROPPING amulet of guardian spirit.
  4314 | D:6      | 4314 ||| UPGRADING to amulet of Cilass {Acrobat ^Drain
                  | Str+8 Dex+4}.
  4319 | D:6      | 4319 ||| READING 2 scrolls of identify.
  4319 | D:6      | 4319 ||| IDENTIFYING smoky golden potion
  4320 | D:6      | 4320 ||| READING scroll of identify.
  4320 | D:6      | 4320 ||| IDENTIFYING bubbling white potion
  4321 | D:6      | 4321 ||| READING scroll labelled BOYJAE POERUI.
  4322 | D:6      | 4322 ||| DROPPING potion of invisibility.
  4323 | D:6      | 4323 ||| DROPPING potion of degeneration.
  4400 | D:7      | Reached XP level 9. HP: 51/51 MP: 14/14
  4410 | D:7      | Reached *** piety under Okawaru
  4411 | D:7      | Reached skill level 6 in Dodging
  4604 | D:7      | Found a glowing golden altar of the Shining One.
  4967 | D:7      | 4967 ||| UPGRADING to +0 cloak.
  4981 | D:8      | Found Wopnao Cuent's General Store.
  4990 | D:8      | 4990 ||| BUYING potion of curing (39 gold).
  4990 | D:8      | Bought a potion of curing for 39 gold pieces
  4990 | D:8      | 4990 ||| BUYING potion of heal wounds (65 gold).
  4990 | D:8      | Bought a potion of heal wounds for 65 gold pieces
  4990 | D:8      | 4990 ||| BUYING scroll of teleportation (39 gold).
  4990 | D:8      | Bought a scroll of teleportation for 39 gold pieces
  5011 | D:8      | Noticed a kobold demonologist
  5012 | D:8      | 5012 ||| INVOKING Heroism.
  5017 | D:8      | Killed a kobold demonologist
  5018 | D:8      | Reached skill level 7 in Dodging
  5049 | D:8      | Found a runed translucent gate.
  5051 | D:8      | Found a runed translucent gate.
  5052 | D:8      | Found a runed translucent gate.
  5052 | D:8      | Noticed a centaur warrior
  5053 | D:8      | Noticed qw's ghost (novice DEHu)
  5206 | D:8      | Noticed a two-headed ogre
  5207 | D:8      | 5207 ||| RETREEEEATING.
  5213 | D:8      | 5213 ||| RETREEEEATING.
  5214 | D:8      | 5214 ||| RETREEEEATING.
  5217 | D:8      | 5217 ||| INVOKING Heroism.
  5219 | D:8      | Killed a two-headed ogre
  5220 | D:8      | Reached skill level 15 in Ranged Weapons
  5224 | D:8      | Reached XP level 10. HP: 50/56 MP: 12/15
  5414 | D:8      | 5414 ||| READING 2 scrolls labelled KIYCOOCEADGHE.
  5415 | D:8      | 5415 ||| DROPPING scroll of noise.
  5479 | D:9      | Noticed a two-headed ogre
  5480 | D:9      | 5480 ||| INVOKING Heroism.
  5484 | D:9      | Killed a two-headed ogre
  5484 | D:9      | Reached **** piety under Okawaru
  5541 | D:9      | 5541 ||| READING scroll of enchant armour.
  5541 | D:9      | 5541 ||| ENCHANTING +1 helmet.
  5598 | D:9      | Noticed a centaur warrior
  5604 | D:9      | Noticed a six-headed hydra
  5605 | D:9      | 5605 ||| INVOKING Finesse.
  5612 | D:9      | Killed a six-headed hydra
  5613 | D:9      | Reached skill level 9 in Dodging
  5621 | D:9      | Noticed a centaur warrior
  5626 | D:9      | Killed a centaur warrior
  5634 | D:9      | Killed a centaur warrior
  5635 | D:9      | Reached skill level 6 in Invocations
  5664 | D:9      | Reached ***** piety under Okawaru
  5762 | D:9      | 5762 ||| RETREEEEATING.
  5781 | D:9      | Noticed Erica
  5783 | D:9      | 5783 ||| INVOKING Finesse.
  5788 | D:9      | Killed Erica
  5789 | D:9      | Reached XP level 11. HP: 62/62 MP: 12/18
  5896 | D:9      | Found a staircase to the Lair.
  6089 | D:9      | Found a hazy altar of Hepliaklqana.
  6165 | D:9      | Noticed Maggie
  6167 | D:9      | Killed Maggie
  6340 | D:9      | 6340 ||| PLANNING LAIR
  6340 | D:9      | 6340 ||| UPGRADING to +0 swamp dragon scales.
  6350 | D:9      | 6350 ||| DROPPING +0 troll leather armour {Pargi}.
  6351 | D:9      | 6351 ||| UPGRADING to +4 ring of slaying {mikee}.
  6353 | D:9      | 6353 ||| UPGRADING to ring of protection from fire.
  6355 | D:9      | 6355 ||| READING scroll labelled XOCALA ALU.
  6455 | Lair:1   | Entered Level 1 of the Lair of Beasts
  6461 | Lair:1   | Received a gift from Okawaru
  6630 | Lair:1   | Noticed an oklob plant
  6630 | Lair:1   | Noticed an oklob plant
  6631 | Lair:1   | 6631 ||| INVOKING Finesse.
  6639 | Lair:1   | 6639 ||| FLEEEEING.
  6812 | Lair:1   | Reached skill level 3 in Armour
  7083 | Lair:1   | Reached skill level 9 in Invocations
  7113 | Lair:1   | Received a gift from Okawaru
  7187 | Lair:1   | 7187 ||| INVOKING Finesse.
  7191 | Lair:1   | Killed an oklob plant
  7194 | Lair:1   | Killed an oklob plant
  7412 | Lair:1   | 7412 ||| DROPPING amulet of magic regeneration.
  7413 | Lair:1   | 7413 ||| READING scroll of identify.
  7413 | Lair:1   | 7413 ||| IDENTIFYING murky black potion
  7414 | Lair:1   | 7414 ||| DRINKING 2 yellow potions.
  7415 | Lair:1   | 7415 ||| DRINKING 2 cyan potions.
  7416 | Lair:1   | 7416 ||| DROPPING potion of attraction.
  7436 | Lair:2   | Noticed a catoblepas
  7437 | Lair:2   | 7437 ||| INVOKING Finesse.
  7443 | Lair:2   | 7443 ||| Stepping ~*~*~tactically~*~*~ (cloud).
  7446 | Lair:2   | 7446 ||| Stepping ~*~*~tactically~*~*~ (cloud).
  7448 | Lair:2   | Killed a catoblepas
  7455 | Lair:2   | Reached skill level 18 in Ranged Weapons
  7555 | Lair:2   | 7555 ||| RETREEEEATING.
  7556 | Lair:2   | 7556 ||| RETREEEEATING.
  7557 | Lair:2   | 7557 ||| INVOKING Finesse.
  7558 | Lair:2   | 7558 ||| INVOKING Heroism.
  7565 | Lair:2   | 7565 ||| RETREEEEATING.
  7566 | Lair:2   | 7566 ||| RETREEEEATING.
  7567 | Lair:2   | 7567 ||| RETREEEEATING.
  7568 | Lair:2   | 7568 ||| RETREEEEATING.
  7569 | Lair:2   | 7569 ||| RETREEEEATING.
  7570 | Lair:2   | 7570 ||| RETREEEEATING.
  7571 | Lair:2   | 7571 ||| RETREEEEATING.
  7572 | Lair:2   | 7572 ||| RETREEEEATING.
  7573 | Lair:2   | 7573 ||| RETREEEEATING.
  7574 | Lair:2   | 7574 ||| RETREEEEATING.
  7599 | Lair:2   | Reached XP level 12. HP: 68/68 MP: 17/21
  7607 | Lair:2   | Received a gift from Okawaru
  7751 | Lair:2   | Found a runed translucent gate.
  7751 | Lair:2   | Found a runed translucent gate.
  7751 | Lair:2   | Found a runed translucent gate.
  8107 | Lair:2   | Noticed Amaemon
  8122 | Lair:2   | Killed Amaemon
  8153 | Lair:2   | Received a gift from Okawaru
  8175 | Lair:2   | Noticed qw's ghost (journeyman SpHu)
  8212 | Lair:2   | 8212 ||| READING 2 scrolls of identify.
  8212 | Lair:2   | 8212 ||| IDENTIFYING smoky black potion
  8213 | Lair:2   | 8213 ||| DROPPING potion of lignification.
  8262 | Lair:3   | 8262 ||| RETREEEEATING.
  8263 | Lair:3   | 8263 ||| RETREEEEATING.
  8281 | Lair:3   | Reached skill level 10 in Dodging
  8417 | Lair:3   | Reached skill level 6 in Fighting
  8425 | Lair:3   | Noticed a four-headed hydra
  8426 | Lair:3   | 8426 ||| INVOKING Finesse.
  8430 | Lair:3   | Killed a four-headed hydra
  8461 | Lair:3   | Noticed a four-headed hydra
  8470 | Lair:3   | Killed a four-headed hydra
  8481 | Lair:3   | Noticed a four-headed hydra
  8486 | Lair:3   | Killed a four-headed hydra
  8486 | Lair:3   | Received a gift from Okawaru
  8500 | Lair:3   | Found a staircase to the Shoals.
  8540 | Lair:3   | Noticed an eight-headed hydra
  8541 | Lair:3   | 8541 ||| INVOKING Finesse.
  8549 | Lair:3   | Killed an eight-headed hydra
  8550 | Lair:3   | Reached skill level 11 in Dodging
  8583 | Lair:3   | 8583 ||| RETREEEEATING.
  8584 | Lair:3   | 8584 ||| RETREEEEATING.
  8585 | Lair:3   | 8585 ||| RETREEEEATING.
  8587 | Lair:3   | 8587 ||| RETREEEEATING.
  8717 | Lair:3   | Found a staircase to the Snake Pit.
  9056 | Lair:4   | 9056 ||| RETREEEEATING.
  9060 | Lair:4   | 9060 ||| FLEEEEING.
  9061 | Lair:4   | 9061 ||| FLEEEEING.
  9062 | Lair:4   | 9062 ||| FLEEEEING.
  9063 | Lair:4   | 9063 ||| FLEEEEING.
  9064 | Lair:4   | 9064 ||| FLEEEEING.
  9069 | Lair:4   | 9069 ||| STAIRDANCE
  9222 | Lair:4   | 9222 ||| STAIRDANCE
  9330 | Lair:3   | Reached XP level 13. HP: 76/76 MP: 22/22
  9343 | Lair:4   | Found a viscous altar of Jiyva.
  9343 | Lair:4   | Found a staircase to the Slime Pits.
  9367 | Lair:4   | 9367 ||| RETREEEEATING.
  9372 | Lair:4   | 9372 ||| RETREEEEATING.
  9373 | Lair:4   | 9373 ||| RETREEEEATING.
  9377 | Lair:4   | Reached skill level 12 in Dodging
  9516 | Lair:4   | 9516 ||| INVOKING Finesse.
  9517 | Lair:4   | 9517 ||| INVOKING Heroism.
  9649 | Lair:4   | 9649 ||| RETREEEEATING.
  9652 | Lair:4   | 9652 ||| RETREEEEATING.
  9653 | Lair:4   | 9653 ||| RETREEEEATING.
  9895 | Lair:4   | Found a runed translucent door.
  9897 | Lair:4   | Noticed qw's ghost (journeyman SpHu)
  9898 | Lair:4   | Identified the +5 spear of Woraamiac {flame, *Slow rElec
                  | Int+4}
 10233 | Lair:5   | Entered Level 5 of the Lair of Beasts
 10371 | Lair:5   | Reached skill level 13 in Dodging
 10434 | Lair:5   | 10434 ||| RETREEEEATING.
 10435 | Lair:5   | 10435 ||| RETREEEEATING.
 10436 | Lair:5   | 10436 ||| RETREEEEATING.
 10437 | Lair:5   | 10437 ||| RETREEEEATING.
 10438 | Lair:5   | 10438 ||| RETREEEEATING.
 10439 | Lair:5   | 10439 ||| RETREEEEATING.
 10440 | Lair:5   | 10440 ||| RETREEEEATING.
 10441 | Lair:5   | 10441 ||| RETREEEEATING.
 10442 | Lair:5   | 10442 ||| RETREEEEATING.
 10443 | Lair:5   | 10443 ||| RETREEEEATING.
 10444 | Lair:5   | 10444 ||| RETREEEEATING.
 10445 | Lair:5   | 10445 ||| RETREEEEATING.
 10446 | Lair:5   | 10446 ||| RETREEEEATING.
 10447 | Lair:5   | 10447 ||| RETREEEEATING.
 10448 | Lair:5   | 10448 ||| RETREEEEATING.
 10449 | Lair:5   | 10449 ||| RETREEEEATING.
 10450 | Lair:5   | 10450 ||| RETREEEEATING.
 10451 | Lair:5   | 10451 ||| RETREEEEATING.
 10452 | Lair:5   | 10452 ||| RETREEEEATING.
 10453 | Lair:5   | 10453 ||| RETREEEEATING.
 10454 | Lair:5   | 10454 ||| RETREEEEATING.
 10455 | Lair:5   | 10455 ||| RETREEEEATING.
 10457 | Lair:5   | 10457 ||| INVOKING Finesse.
 10458 | Lair:5   | Received a gift from Okawaru
 10631 | Lair:5   | Reached skill level 9 in Fighting
 10729 | Lair:5   | Reached ****** piety under Okawaru
 10730 | Lair:5   | 10730 ||| INVOKING Receive Weapon.
 10730 | Lair:5   | 10730 ||| ACQUIRING +1 longbow of the Ghost {speed, +Blink
                  | Str+5}
 10730 | Lair:5   | Acquired the +1 longbow of the Ghost {speed, +Blink Str+5}
 10730 | Lair:5   | Received a gift from Okawaru
 10731 | Lair:5   | 10731 ||| INVOKING Receive Armour.
 10731 | Lair:5   | 10731 ||| ACQUIRING +2 pair of boots of Responsibility
                  | {rPois MP-9 Dex+4 Stlth+}
 10731 | Lair:5   | Acquired the +2 pair of boots of Responsibility {rPois MP-9
                  | Dex+4 Stlth+}
 10731 | Lair:5   | Received a gift from Okawaru
 10871 | Lair:5   | Reached skill level 14 in Dodging
 10893 | Lair:5   | Received a gift from Okawaru
 11083 | Lair:5   | 11083 ||| RETREEEEATING.
 11392 | Lair:5   | 11392 ||| PLANNING D:1-11
 11392 | Lair:5   | 11392 ||| UPGRADING to +2 pair of boots of Responsibility
                  | {rPois MP-9 Dex+4 Stlth+}.
 11397 | Lair:5   | 11397 ||| DROPPING amulet of regeneration.
 11398 | Lair:5   | 11398 ||| DROPPING ring of protection from fire.
 11399 | Lair:5   | 11399 ||| DROPPING +6 ring of strength.
 11400 | Lair:5   | 11400 ||| UPGRADING to +6 ring of dexterity.
 11402 | Lair:5   | 11402 ||| DROPPING ring of willpower.
 11403 | Lair:5   | 11403 ||| UPGRADING to +4 ring of slaying {mikee}.
 11513 | D:10     | Entered Level 10 of the Dungeon
 11517 | D:10     | Reached XP level 14. HP: 86/86 MP: 14/23
 11539 | D:10     | 11539 ||| INVOKING Finesse.
 11768 | D:10     | Identified the +4 dagger of Laceration {venom, Fly}
 12023 | D:10     | 12023 ||| DROPPING ring of fire.
 12537 | D:11     | 12537 ||| PLANNING D
 12558 | D:12     | 12558 ||| PLANNING BAZAAR
 12570 | D:12     | Reached skill level 15 in Dodging
 12582 | D:12     | Received a gift from Okawaru
 12593 | D:12     | Found a hazy altar of Hepliaklqana.
 12694 | D:12     | Found a staircase to the Orcish Mines.
 12749 | D:12     | 12749 ||| READING scroll of enchant armour.
 12749 | D:12     | 12749 ||| ENCHANTING +0 swamp dragon scales.
 12778 | D:12     | 12778 ||| READING 5 scrolls of identify.
 12778 | D:12     | 12778 ||| IDENTIFYING scroll labelled XARICV BUKI
 12779 | D:12     | 12779 ||| Stepping randomly (disturbance).
 12781 | D:12     | 12781 ||| Stepping randomly (disturbance).
 12782 | D:12     | 12782 ||| Stepping randomly (disturbance).
 12796 | D:12     | 12796 ||| Stepping randomly (disturbance).
 12797 | D:12     | 12797 ||| Stepping randomly (disturbance).
 12798 | D:12     | 12798 ||| Stepping randomly (disturbance).
 12808 | D:12     | 12808 ||| Stepping randomly (disturbance).
 12809 | D:12     | 12809 ||| Stepping randomly (disturbance).
 13124 | D:12     | Found a flickering gateway to a bazaar.
 13131 | Bazaar   | Entered a bazaar
 13131 | Bazaar   | Found Mecoakhu's Magic Scroll Shop.
 13131 | Bazaar   | Found Putreiczu's Jewellery Shop.
 13131 | Bazaar   | Found Siptucav's Assorted Antiques.
 13134 | Bazaar   | 13134 ||| BUYING +6 ring of dexterity (396 gold).
 13134 | Bazaar   | Bought a +6 ring of dexterity for 396 gold pieces
 13136 | Bazaar   | 13136 ||| BUYING 2 scrolls of identify (68 gold).
 13136 | Bazaar   | Bought 2 scrolls of identify for 68 gold pieces
 13136 | Bazaar   | 13136 ||| BUYING metallic purple potion (15 gold).
 13136 | Bazaar   | Bought a metallic purple potion for 15 gold pieces
 13136 | Bazaar   | 13136 ||| BUYING scroll of enchant armour (127 gold).
 13136 | Bazaar   | Bought a scroll of enchant armour for 127 gold pieces
 13136 | Bazaar   | 13136 ||| READING scroll of enchant armour.
 13136 | Bazaar   | 13136 ||| ENCHANTING +1 swamp dragon scales.
 13141 | Bazaar   | 13141 ||| BUYING scroll of identify (30 gold).
 13141 | Bazaar   | Bought a scroll of identify for 30 gold pieces
 13141 | Bazaar   | 13141 ||| BUYING scroll of identify (30 gold).
 13141 | Bazaar   | Bought a scroll of identify for 30 gold pieces
 13141 | Bazaar   | 13141 ||| BUYING scroll of teleportation (45 gold).
 13141 | Bazaar   | Bought a scroll of teleportation for 45 gold pieces
 13141 | Bazaar   | 13141 ||| UPGRADING to +6 ring of dexterity.
 13143 | Bazaar   | 13143 ||| DROPPING ring of protection from fire.
 13144 | Bazaar   | 13144 ||| DROPPING ring of poison resistance.
 13145 | Bazaar   | 13145 ||| DROPPING +4 ring of slaying {mikee}.
 13146 | Bazaar   | 13146 ||| READING 9 scrolls of identify.
 13146 | Bazaar   | 13146 ||| IDENTIFYING metallic purple potion
 13147 | Bazaar   | 13147 ||| DROPPING potion of berserk rage.
 13152 | D:12     | 13152 ||| PLANNING D
 13248 | D:13     | 13248 ||| STAIRDANCE
 13655 | D:13     | Reached skill level 16 in Dodging
 13947 | D:13     | 13947 ||| READING scroll of acquirement.
 13947 | D:13     | 13947 ||| ACQUIRING +1 pair of gloves of Bad Feelings
                  | {rElec}
 13947 | D:13     | Acquired the +1 pair of gloves of Bad Feelings {rElec}
 13949 | D:13     | 13949 ||| UPGRADING to +1 pair of gloves of Bad Feelings
                  | {rElec}.
 14208 | D:14     | 14208 ||| RETREEEEATING.
 14209 | D:14     | 14209 ||| RETREEEEATING.
 14210 | D:14     | 14210 ||| RETREEEEATING.
 14211 | D:14     | 14211 ||| RETREEEEATING.
 14212 | D:14     | 14212 ||| INVOKING Finesse.
 14266 | D:14     | Received a gift from Okawaru
 14269 | D:14     | Found Gouner's Jewellery Shop.
 14277 | D:14     | 14277 ||| BUYING amulet "Mecaenn" {Reflect Dex+4 SH+5} (454
                  | gold).
 14277 | D:14     | Bought the amulet "Mecaenn" {Reflect Dex+4 SH+5} for 454
                  | gold pieces
 14304 | D:14     | Noticed Frances
 14305 | D:14     | 14305 ||| INVOKING Finesse.
 14315 | D:14     | Killed Frances
 14316 | D:14     | Reached skill level 17 in Dodging
 14368 | D:14     | Reached skill level 6 in Armour
 14368 | D:14     | Found a gate to the Vaults.
 14528 | D:14     | 14528 ||| RETREEEEATING.
 14530 | D:14     | 14530 ||| RETREEEEATING.
 14532 | D:14     | 14532 ||| RETREEEEATING.
 14550 | D:14     | Reached skill level 18 in Dodging
 15046 | D:14     | Noticed Jorgrun
 15046 | D:14     | 15046 ||| INVOKING Finesse.
 15052 | D:14     | Killed Jorgrun
 15052 | D:14     | Received a gift from Okawaru
 15126 | D:14     | 15126 ||| UPGRADING to amulet "Mecaenn" {Reflect Dex+4
                  | SH+5}.
 15136 | D:14     | 15136 ||| DROPPING amulet of Cilass {Acrobat ^Drain Str+8
                  | Dex+4}.
 15137 | D:14     | 15137 ||| READING 8 scrolls of identify.
 15137 | D:14     | 15137 ||| IDENTIFYING pink potion
 15138 | D:14     | 15138 ||| DROPPING potion of brilliance.
 15176 | D:15     | Entered Level 15 of the Dungeon
 15177 | D:15     | 15177 ||| INVOKING Finesse.
 15187 | D:15     | 15187 ||| STAIRDANCE
 15228 | D:15     | 15228 ||| INVOKING Finesse.
 15320 | D:15     | Found Ostriu Cagha's Distillery.
 15331 | D:15     | 15331 ||| BUYING potion of curing (36 gold).
 15331 | D:15     | Bought a potion of curing for 36 gold pieces
 15331 | D:15     | 15331 ||| BUYING potion of haste (120 gold).
 15331 | D:15     | Bought a potion of haste for 120 gold pieces
 15331 | D:15     | 15331 ||| BUYING potion of magic (96 gold).
 15331 | D:15     | Bought a potion of magic for 96 gold pieces
 15331 | D:15     | 15331 ||| BUYING potion of magic (96 gold).
 15331 | D:15     | Bought a potion of magic for 96 gold pieces
 15331 | D:15     | 15331 ||| BUYING potion of mutation (96 gold).
 15331 | D:15     | Bought a potion of mutation for 96 gold pieces
 15378 | D:15     | Found Qischesy's Gadget Gallery.
 15386 | D:15     | 15386 ||| SHOPLISTING wand of mindburst (11) (246 gold,
                  | have 203).
 15386 | D:15     | 15386 ||| BUYING wand of mindburst (3) (67 gold).
 15386 | D:15     | Bought a wand of mindburst (3) for 67 gold pieces
 15442 | D:15     | 15442 ||| INVOKING Finesse.
 15446 | D:15     | Reached XP level 15. HP: 83/84 MP: 9/24
 15626 | D:15     | Received a gift from Okawaru
 15690 | D:15     | 15690 ||| READING scroll of enchant armour.
 15690 | D:15     | 15690 ||| ENCHANTING +2 swamp dragon scales.
 15862 | D:15     | Found a staircase to the Depths.
 15913 | D:15     | Noticed Kirke
 15915 | D:15     | 15915 ||| INVOKING Finesse.
 15940 | D:15     | Killed Kirke
 15941 | D:15     | Reached skill level 19 in Dodging
 15970 | D:15     | Found a stormy altar of Qazlal.
 16127 | D:15     | 16127 ||| PLANNING ORC
 16127 | D:15     | 16127 ||| DROPPING +2 ring mail of poison resistance.
 16188 | Orc:1    | Entered Level 1 of the Orcish Mines
 16271 | Orc:2    | Entered Level 2 of the Orcish Mines
 16479 | Orc:1    | Received a gift from Okawaru
 16539 | Orc:1    | 16539 ||| RETREEEEATING.
 16540 | Orc:1    | 16540 ||| RETREEEEATING.
 16543 | Orc:1    | 16543 ||| RETREEEEATING.
 16544 | Orc:1    | 16544 ||| RETREEEEATING.
 16545 | Orc:1    | 16545 ||| RETREEEEATING.
 16546 | Orc:1    | 16546 ||| RETREEEEATING.
 16547 | Orc:1    | 16547 ||| RETREEEEATING.
 16548 | Orc:1    | 16548 ||| RETREEEEATING.
 16549 | Orc:1    | 16549 ||| RETREEEEATING.
 16846 | Orc:1    | 16846 ||| Stepping randomly (stuck).
 16973 | Orc:2    | 16973 ||| RETREEEEATING.
 16974 | Orc:2    | 16974 ||| RETREEEEATING.
 16975 | Orc:2    | 16975 ||| RETREEEEATING.
 16976 | Orc:2    | 16976 ||| RETREEEEATING.
 16979 | Orc:2    | 16979 ||| RETREEEEATING.
 16980 | Orc:2    | 16980 ||| RETREEEEATING.
 16981 | Orc:2    | 16981 ||| RETREEEEATING.
 16982 | Orc:2    | 16982 ||| RETREEEEATING.
 16983 | Orc:2    | 16983 ||| RETREEEEATING.
 16984 | Orc:2    | 16984 ||| RETREEEEATING.
 16985 | Orc:2    | 16985 ||| RETREEEEATING.
 16987 | Orc:2    | 16987 ||| RETREEEEATING.
 16988 | Orc:2    | 16988 ||| RETREEEEATING.
 16989 | Orc:2    | 16989 ||| RETREEEEATING.
 16990 | Orc:2    | 16990 ||| RETREEEEATING.
 16991 | Orc:2    | 16991 ||| RETREEEEATING.
 16992 | Orc:2    | 16992 ||| RETREEEEATING.
 16995 | Orc:2    | 16995 ||| INVOKING Finesse.
 17072 | Orc:2    | Found a staircase to the Elven Halls.
 17202 | Orc:2    | 17202 ||| INVOKING Finesse.
 17267 | Orc:2    | 17267 ||| INVOKING Finesse.
 17306 | Orc:2    | Found Rujogy's Magic Scroll Boutique.
 17306 | Orc:2    | Found Aziph's Armour Shoppe.
 17308 | Orc:2    | Found Ryeppeon's Distillery.
 17308 | Orc:2    | Found Uwagenab's Weapon Shoppe.
 17314 | Orc:2    | 17314 ||| BUYING 2 scrolls of enchant weapon (195 gold).
 17314 | Orc:2    | Bought 2 scrolls of enchant weapon for 195 gold pieces
 17314 | Orc:2    | 17314 ||| BUYING scroll of brand weapon (123 gold).
 17314 | Orc:2    | Bought a scroll of brand weapon for 123 gold pieces
 17314 | Orc:2    | 17314 ||| BUYING scroll of enchant weapon (97 gold).
 17314 | Orc:2    | Bought a scroll of enchant weapon for 97 gold pieces
 17314 | Orc:2    | 17314 ||| BUYING scroll of identify (26 gold).
 17314 | Orc:2    | Bought a scroll of identify for 26 gold pieces
 17314 | Orc:2    | 17314 ||| BUYING scroll of identify (26 gold).
 17314 | Orc:2    | Bought a scroll of identify for 26 gold pieces
 17316 | Orc:2    | 17316 ||| BUYING potion of cancellation (128 gold).
 17316 | Orc:2    | Bought a potion of cancellation for 128 gold pieces
 17316 | Orc:2    | 17316 ||| BUYING potion of curing (48 gold).
 17316 | Orc:2    | Bought a potion of curing for 48 gold pieces
 17316 | Orc:2    | 17316 ||| BUYING potion of enlightenment (80 gold).
 17316 | Orc:2    | Bought a potion of enlightenment for 80 gold pieces
 17316 | Orc:2    | 17316 ||| BUYING potion of heal wounds (80 gold).
 17316 | Orc:2    | Bought a potion of heal wounds for 80 gold pieces
 17319 | Orc:2    | 17319 ||| SHOPLISTING +2 ring mail of the Game of Kings
                  | {rF+ rN+ SInv} (473 gold, have 199).
 17473 | Orc:2    | 17473 ||| PLANNING SHOALS:1-3
 17638 | Shoals:1 | Entered Level 1 of the Shoals
 17654 | Shoals:1 | You fall into a shaft and drop 1 floor!
 17655 | Shoals:2 | 17655 ||| PLANNING BAZAAR
 17688 | Shoals:2 | Reached skill level 20 in Dodging
 17729 | Shoals:2 | Found a flickering gateway to a bazaar.
 17740 | Shoals:2 | Received a gift from Okawaru
 17769 | Bazaar   | Entered a bazaar
 17770 | Bazaar   | Found Teyqip's Antique Weapon Shoppe.
 17786 | Bazaar   | Found Afuo's Armour Shoppe.
 17812 | Bazaar   | Found Mimimej's Magic Scroll Emporium.
 17822 | Bazaar   | 17822 ||| BUYING scroll of enchant weapon (67 gold).
 17822 | Bazaar   | Bought a scroll of enchant weapon for 67 gold pieces
 17823 | Bazaar   | Found Nyvvyomo's General Store.
 17832 | Bazaar   | 17832 ||| BUYING scroll of enchant armour (67 gold).
 17832 | Bazaar   | Bought a scroll of enchant armour for 67 gold pieces
 17832 | Bazaar   | 17832 ||| BUYING scroll of teleportation (27 gold).
 17832 | Bazaar   | Bought a scroll of teleportation for 27 gold pieces
 17832 | Bazaar   | 17832 ||| READING scroll of enchant armour.
 17832 | Bazaar   | 17832 ||| ENCHANTING +3 swamp dragon scales.
 17862 | Shoals:2 | 17862 ||| PLANNING SHOALS:1-3
 17984 | Shoals:1 | 17984 ||| READING scroll of enchant armour.
 17984 | Shoals:1 | 17984 ||| ENCHANTING +4 swamp dragon scales.
 18041 | Shoals:1 | Noticed Mlioglotl
 18044 | Shoals:1 | 18044 ||| RETREEEEATING.
 18050 | Shoals:1 | 18050 ||| ZAPPING wand of acid (9) at 1,-3 (Mlioglotl;
                  | floor).
 18051 | Shoals:1 | 18051 ||| INVOKING Finesse.
 18052 | Shoals:1 | 18052 ||| INVOKING Heroism.
 18064 | Shoals:1 | Killed Mlioglotl
 18064 | Shoals:1 | Received a gift from Okawaru
 18122 | Shoals:1 | Reached XP level 16. HP: 77/100 MP: 12/25
 18385 | Shoals:1 | 18385 ||| READING scroll of enchant armour.
 18385 | Shoals:1 | 18385 ||| ENCHANTING +5 swamp dragon scales.
 18716 | Shoals:2 | Received a gift from Okawaru
 18734 | Shoals:2 | Reached skill level 21 in Dodging
 18814 | Shoals:2 | Identified the serpent talisman of Awe {+Blink rC- Int+2}
 18814 | Shoals:2 | Noticed Aizul
 18815 | Shoals:2 | 18815 ||| INVOKING Finesse.
 18835 | Shoals:2 | Killed Aizul
 19238 | Shoals:2 | 19238 ||| STAIRDANCE
 19333 | Shoals:2 | Noticed Ilsuiw
 19338 | Shoals:2 | 19338 ||| INVOKING Finesse.
 19349 | Shoals:2 | Killed Ilsuiw
 19352 | Shoals:2 | Reached skill level 9 in Armour
 19522 | Shoals:3 | 19522 ||| STAIRDANCE
 19557 | Shoals:2 | 19557 ||| Stepping randomly (stuck).
 19576 | Shoals:3 | 19576 ||| STAIRDANCE
 19584 | Shoals:3 | 19584 ||| STAIRDANCE
 19701 | Shoals:2 | 19701 ||| Stepping randomly (stuck).
 19705 | Shoals:3 | 19705 ||| STAIRDANCE
 19713 | Shoals:2 | 19713 ||| Stepping randomly (stuck).
 19718 | Shoals:3 | 19718 ||| INVOKING Finesse.
 19860 | Shoals:3 | Noticed Polyphemus
 19862 | Shoals:3 | 19862 ||| INVOKING Finesse.
 19876 | Shoals:3 | Killed Polyphemus
 19889 | Shoals:3 | Reached skill level 22 in Dodging
 19954 | Shoals:3 | Noticed a kraken
 19979 | Shoals:3 | 19979 ||| INVOKING Finesse.
 19982 | Shoals:3 | Received a gift from Okawaru
 20009 | Shoals:3 | Killed a kraken
 20432 | Shoals:4 | Entered Level 4 of the Shoals
 20433 | Shoals:4 | 20433 ||| PLANNING BAZAAR
 20474 | Shoals:4 | Reached skill level 12 in Fighting
 20479 | Shoals:4 | Noticed Nikola
 20483 | Shoals:4 | 20483 ||| ZAPPING wand of acid (13) at -5,0 (Nikola;
                  | floor).
 20489 | Shoals:4 | 20489 ||| RETREEEEATING.
 20490 | Shoals:4 | 20490 ||| RETREEEEATING.
 20491 | Shoals:4 | 20491 ||| RETREEEEATING.
 20492 | Shoals:4 | 20492 ||| RETREEEEATING.
 20493 | Shoals:4 | 20493 ||| RETREEEEATING.
 20497 | Shoals:4 | 20497 ||| RETREEEEATING.
 20502 | Shoals:4 | 20502 ||| ZAPPING wand of acid (12) at -1,-4 (Nikola;
                  | floor).
 20503 | Shoals:4 | 20503 ||| ZAPPING wand of acid (11) at 0,-3 (Nikola;
                  | shallow_water).
 20504 | Shoals:4 | 20504 ||| INVOKING Finesse.
 20514 | Shoals:4 | Killed Nikola
 20524 | Shoals:4 | HP: 16/101 [merfolk/boomerang[a merfolk javelineer] (11)]
 20525 | Shoals:4 | 20525 ||| READING 12 scrolls of teleportation.
 20525 | Shoals:4 | Killed from afar by a merfolk aquamancer

Levels and vault maps discovered:
D:1:      scummos_arrival_hexagon, layout_loops_ring, supply_closet_lemuel,
          hangedman_decor_growths, amcnicky_mini_rare_corridor_liquid,
          minivault_27
D:2:      layout_basic, basic_altar, chequers_arboretum
D:3:      layout_basic, kennysheep_okawaru_gauntlet,
          hellmonk_ecumenical_altar_prayer_group, nicolae_figureground_pulse,
          uniq_pargi
D:4:      layout_cave_pools, temple_green, kennysheep_generic_room_4
D:5:      layout_loops_ring, serial_shops, shop, biasface_ghost_orc_armoury
D:6:      layout_basic, grunt_dithmenos_smoke, grunt_temple_overflow_open,
          mainiacjoe_overflow_tiny_flanked, chequers_serial_rivers_marsh
D:7:      layout_loops_cross, tso_oasis_becter, kennysheep_big_empty_room
D:8:      layout_rooms, serial_shops, shop, gammafunk_ghost_split
D:9:      minmay_distorted_concentric_squares, layout_loops_ring,
          kennysheep_mini_moat, erik_lair_island, uniq_maggie, uniq_erica
D:10:     layout_roguey
D:11:     layout_cave_pools, serial_bayou, serial_bayou_pond_c,
          serial_bayou_pond_d, serial_bayou_pond_c, serial_bayou_lake_a
D:12:     layout_basic, orc_david_3, serial_shops, bzr_entry_road,
          nicolae_hepliaklqana_hazy_memory
D:13:     layout_loops_corners
D:14:     layout_roguey, hellmonk_vaults_order_and_chaos,
          minmay_shop_enchanted_jewellery, hex_intersection, uniq_frances,
          uniq_jorgrun
D:15:     grunt_enter_depths_hoard, layout_rooms,
          nicolae_qazlal_general_emergency, serial_shops,
          nicolae_shop_tiny_real_fake_doors, nicolae_shop_gadgets, uniq_kirke
Lair:1:   dpeg_oklob_gauntlet, layout_regular_city
Lair:2:   layout_gridlike, gammafunk_ghost_necromancy, uniq_amaemon
Lair:3:   layout_chaotic_city, shoals_dummy_entry, guppyfry_snake_entry_garden,
          serial_bayou_pond_e
Lair:4:   layout_misc_corridors, minmay_slime_entry_eyes,
          ebering_ghost_funeral_grove, st_stairs_5, dreamdust_gnoll_shepherd
Lair:5:   minmay_lair_end_enchanted_forest, layout_gridlike,
          serial_bayou_pond_a, lemuel_fruit_tree
Shoals:1: cheibrodos_shoals_oceanic_diplomacy, layout_shoals, uniq_mlioglotl
Shoals:2: layout_shoals, serial_shops, bzr_entry_customers, uniq_aizul,
          uniq_ilsuiw
Shoals:3: nicolae_shoals_lighthouse, layout_shoals,
          nicolae_shoals_aquamancer_cove, uniq_polyphemus
Shoals:4: shoals_end_grunt_ice, layout_shoals, serial_shops, bzr_entry_safe,
          ldierk_geyser, uniq_nikola
Orc:1:    layout_caves, nicolae_orc_seminary
Orc:2:    grunt_orc_tribal_feast, layout_caves, basic_altar

Skill      XL: |  1  2  3  4  5  6  7  8  9 10 11 12 13 14 15 16 |
---------------+-------------------------------------------------+-----
Ranged Weapons | 6 7 8 9 10 11 13 15 17 18 20 | 20.0
Dodging        | 3 4 5 7 9 11 14 18 20 22 | 22.2
Fighting       | 2 3 4 5 6 9 11 12 | 12.0
Invocations    | 2 4 7 10 | 10.0
Armour         | 1 3 4 5 7 8 9 |  9.0
Stealth        | |  1.2

Action                     |  1- 3 |  4- 6 |  7- 9 | 10-12 | 13-15 | 16-18 || total
---------------------------+-------+-------+-------+-------+-------+-------++-------
   Fire: Shortbow          |    77 |       |       |       |       |       ||    77
         Longbow           |     4 |    74 |   148 |   367 |   986 |   365 ||  1944
 Invoke: Heroism           |       |       |     3 |     2 |     2 |       ||     7
         Finesse           |       |       |       |     8 |    14 |     6 ||    28
         Receive Weapon    |       |       |       |       |     1 |       ||     1
         Receive Armour    |       |       |       |       |     1 |       ||     1
  Evoke: Wand              |       |       |       |       |     1 |     3 ||     4
    Use: Scroll            |     7 |     5 |    10 |     5 |     9 |     2 ||    38
         Potion            |     1 |     1 |       |     2 |       |       ||     4
 Armour: Leather armour    |    13 |       |       |       |       |       ||    13
         Ring mail         |     7 |     2 |       |       |       |       ||     9
         Troll leather arm |       |     5 |    19 |    13 |       |       ||    37
         Swamp dragon scal |       |       |       |    18 |    92 |    43 ||   153
  Dodge: Dodged            |    23 |    11 |    21 |    80 |   407 |   133 ||   675
  Block: Other             |       |       |       |       |    40 |    17 ||    57
         Reflection        |       |       |       |       |     4 |     3 ||     7

Table legend:
 A = Non-vault XP
 B = Vault XP
 C = Vault XP percentage of total XP
 D = Non-vault monster count
 E = Vault monster count
 F = Vault count percentage of total count
                 A         B        C        D         E       F
            +---------+---------+-------+---------+---------+-------
      Total |  146037 |   62393 |  29.9 |     581 |     172 |  22.8
            +---------+---------+-------+---------+---------+-------
        D:1 |      30 |       0 |   0.0 |      18 |       0 |   0.0
        D:2 |      46 |       0 |   0.0 |      12 |       0 |   0.0
        D:3 |     126 |     136 |  51.9 |      19 |       4 |  17.4
        D:4 |     812 |       1 |   0.1 |      47 |       1 |   2.1
        D:5 |     601 |       0 |   0.0 |      12 |       0 |   0.0
        D:6 |     930 |       0 |   0.0 |      12 |       0 |   0.0
        D:7 |     729 |       0 |   0.0 |      13 |       0 |   0.0
        D:8 |    2130 |       0 |   0.0 |      12 |       0 |   0.0
        D:9 |    1839 |    5271 |  74.1 |      23 |      18 |  43.9
       D:10 |    3143 |       0 |   0.0 |      16 |       0 |   0.0
       D:11 |    2894 |       0 |   0.0 |      11 |       0 |   0.0
       D:12 |    4211 |      12 |   0.3 |      17 |       4 |  19.0
       D:13 |    5261 |       0 |   0.0 |      21 |       0 |   0.0
       D:14 |   13649 |    4846 |  26.2 |      23 |       4 |  14.8
       D:15 |    9814 |    4625 |  32.0 |      28 |      10 |  26.3
     Lair:1 |    4271 |    1077 |  20.1 |      14 |       2 |  12.5
     Lair:2 |    8201 |    1182 |  12.6 |      42 |       2 |   4.5
     Lair:3 |    8936 |    1053 |  10.5 |      29 |       4 |  12.1
     Lair:4 |   11015 |    1390 |  11.2 |      36 |       5 |  12.2
     Lair:5 |    5480 |    8622 |  61.1 |      19 |      50 |  72.5
   Shoals:1 |   14239 |    6825 |  32.4 |      27 |      11 |  28.9
   Shoals:2 |   23223 |    5056 |  17.9 |      39 |      10 |  20.4
   Shoals:3 |   14485 |    9697 |  40.1 |      29 |      12 |  29.3
   Shoals:4 |    3292 |    2940 |  47.2 |      11 |       2 |  15.4
      Orc:1 |    4414 |     918 |  17.2 |      27 |       4 |  12.9
      Orc:2 |    2266 |    8742 |  79.4 |      24 |      29 |  54.7
            +---------+---------+-------+---------+---------+-------
